 Dungeon Crawl Stone Soup version 0.22.0-78-g6c94d2c (webtiles) character file.

6899 Ghost6211 the Blocker (level 11, -2/78 HPs)
             Began as an Octopode Fighter on Sept 16, 2018.
             Was an Elder of Qazlal.
             Slain by a manticore (10 damage)
             ... on level 11 of the Dungeon.
             The game lasted 00:24:57 (9678 turns).

Ghost6211 the Blocker (Octopode Fighter)            Turns: 9678, Time: 00:24:57

Health: -2/78      AC:  8    Str: 20    XL:     11   Next: 6%
Magic:  5/5        EV: 14    Int: 10    God:    Qazlal [****..]
Gold:   494        SH: 17    Dex: 15    Spells: 10/10 levels left

rFire    . . .     SeeInvis +   Q - +2 hand axe (antimagic)
rCold    + . .     Gourm    .   b - +0 shield
rNeg     . . .     Faith    .   (helmet restricted)
rPois    .         Spirit   .   (no amulet)
rElec    .         Reflect  .   n - +4 ring of protection
rCorr    .         Harm     .   p - ring of protection from fire
MR       .....                  v - +4 ring of dexterity
Stlth    ++........             B - ring of see invisible
HPRegen  0.23/turn              E - ring of ice
MPRegen  0.09/turn              F - +3 ring of protection
                                (no ring)
                                (no ring)

@: lethally poisoned (-2 -> -7), repel missiles
A: almost no armour, stealthy swim, amphibious, 8 rings, constrict 8, camouflage
1, gelatinous body 1
a: Upheaval, Elemental Force, Renounce Religion


You were on level 11 of the Dungeon.
You worshipped Qazlal.
Qazlal was greatly pleased with you.
You were hungry.

You visited 2 branches of the dungeon, and saw 11 of its levels.
You also visited: Sewer.

You collected 494 gold pieces.

Inventory:

Hand Weapons
 K - a +1 hand axe of electrocution
 Q - a +2 antimagic hand axe (weapon)
Missiles
 f - 299 stones (quivered)
Armour
 b - a +0 shield (worn)
Jewellery
 n - a +4 ring of protection (left tentacle)
 p - a ring of protection from fire (right tentacle)
 v - a +4 ring of dexterity (on tentacle)
 B - a ring of see invisible (on tentacle)
 E - a ring of ice (on tentacle)
 F - a +3 ring of protection (on tentacle)
Wands
 a - a wand of acid (8)
 y - a wand of disintegration (24)
 L - a wand of flame (32)
 P - a wand of digging (12)
Scrolls
 g - 2 scrolls of blinking
 i - 5 scrolls of identify
 j - 4 scrolls of immolation
 k - a scroll of noise
 l - 2 scrolls of enchant weapon {unknown}
 q - a scroll of random uselessness {unknown}
 t - 2 scrolls of magic mapping {unknown}
 u - 2 scrolls of fear {unknown}
 x - a scroll of fog {unknown}
 A - a scroll of teleportation {unknown}
 D - 5 scrolls of remove curse {unknown}
 G - a scroll of holy word {unknown}
 H - a scroll of amnesia {unknown}
 I - a scroll of enchant armour {unknown}
 M - a scroll of torment {unknown}
 N - a scroll of brand weapon {unknown}
Potions
 c - 3 potions of might
 e - 2 potions of ambrosia {unknown}
 h - 3 potions of brilliance {unknown}
 m - 4 potions of flight {unknown}
 o - 2 potions of mutation {unknown}
 r - 2 potions of heal wounds {unknown}
 s - 3 potions of curing
 w - 2 potions of lignification {unknown}
 z - 2 potions of magic {unknown}
 C - 2 potions of haste {unknown}
 J - a potion of degeneration {unknown}
 O - 2 potions of berserk rage {unknown}
Comestibles
 d - 17 rations


   Skills:
 + Level 8.4 Fighting
 + Level 8.5 Axes
 - Level 3.0 Dodging
 * Level 11.3 Shields
 + Level 5.5 Invocations


You had 10 spell levels left.
You didn't know any spells.
Your spell library contained the following spells:

 Spells                   Type           Power        Failure   Level  Hunger
 Sandblast                Erth           #.....       52%         1    ##.....
 Passwall                 Tmut/Erth      #.......     67%         2    ###....
 Stone Arrow              Conj/Erth      #.....       88%         3    ####...
 Petrify                  Tmut/Erth      #.......     99%         4    #####..
 Lee's Rapid Deconstruct  Erth           #.........   100%        5    ######.


Dungeon Overview and Level Annotations

Branches:
Dungeon (9/15)             Temple (0/1) D:4            Lair (1/6) D:8
    Orc: D:9-12

Altars:
Ashenzari
Cheibriados
Gozag
Hepliaklqana
Nemelex Xobeh
Okawaru
Qazlal
Sif Muna
Trog
Uskayaw
Xom
Zin

Shops:
D:9 }


Innate Abilities, Weirdness & Mutations

You cannot wear most types of armour.
You are very stealthy in the water. (Stealth+)
You are amphibious.
You can wear up to eight rings at the same time.
You can use your tentacles to constrict eight enemies at once.
Your skin changes colour to match your surroundings (Stealth+).
Your rubbery body absorbs attacks. (AC +1, EV +1)


Message History

The manticore claws you. You block the manticore's attack.
Your shield prevents you from hitting the manticore.
The manticore is lightly wounded.
The tengu conjurer blocks your attack.
The tengu conjurer casts a spell at you.
The bolt of poison misses you. You block the manticore's attack. x2
The manticore completely misses you.
An orc comes into view. It is wielding a club.
You closely miss the manticore.
You squeeze the manticore, but do no damage.
The manticore is lightly wounded.
You hit the tengu conjurer.
The tengu conjurer's magic leaks into the air.
The tengu conjurer gestures at you while chanting.
The bolt of poison hits you!
You are poisoned.
The manticore bites you!!
* * * LOW HITPOINT WARNING * * *
The manticore claws you!
You die...

#..# .# #..# ..#
#..###+#..# #.........#
#.........# #.........#
..##########.........#
.....hH§.............#
.....o§@.............#
......Q#####..o......###
....... #............
....... #............
....... #............
....... #..........##
....... #.......†..#
..!.... #...######.#
.... #.#


You could see a manticore, a tengu conjurer, a hound and 2 orcs.

Vanquished Creatures
  Erolcha (D:11)
  A spiny frog (Lair:1)
  2 trolls
  A human (D:7)
  A yak (D:4)
  A basilisk (D:11)
  4 hogs (D:7)
  2 hungry ghosts
  2 water moccasins
  2 ice beasts
  An orc warrior (D:11)
  2 sky beasts
  2 black bears
  4 phantoms
  The ghost of Ghost6211 the Skirmisher, an amateur DsCK of Xom (D:4)
  3 ogres
  5 centaurs
  2 wolves (D:8)
  A big kobold (D:8)
  7 bullfrogs
  4 scorpions
  3 electric eels (D:8)
  A crimson imp (D:7)
  6 jellies
  5 orc priests
  8 hounds
  7 orc wizards
  7 worker ants
  2 hound zombies (D:7)
  9 adders
  2 shadow imps
  An ooze (D:4)
  2 adder skeletons
  6 worms
  2 dart slugs
  12 leopard geckos
  21 orcs
  4 ball pythons (Sewer)
  7 giant cockroaches
  8 goblins
  11 hobgoblins
  2 iguanas
  2 jackals (D:1)
  14 kobolds
  3 quokkas
  7 bats
  10 frilled lizards
  7 rats
  2 butterflies (D:4)
220 creatures vanquished.

Vanquished Creatures (others)
  An orc wizard (D:5)
1 creature vanquished.

Grand Total: 221 creatures vanquished

Notes
Turn   | Place    | Note
-------+----------+-------------------------------------------
     0 | D:1      | Ghost6211 the Octopode Fighter began the quest for the Orb.
     0 | D:1      | Reached XP level 1. HP: 16/16 MP: 1/1
   177 | D:1      | Reached XP level 2. HP: 21/21 MP: 2/2
   764 | D:1      | Reached XP level 3. HP: 23/26 MP: 3/3
  1601 | D:2      | Found a stormy altar of Qazlal.
  1607 | D:2      | Reached XP level 4. HP: 27/31 MP: 4/4
  1610 | D:2      | Became a worshipper of Qazlal Stormbringer
  1785 | D:2      | Found a sparkling altar of Nemelex Xobeh.
  2092 | D:3      | Found a shattered altar of Ashenzari.
  2538 | D:4      | Reached skill level 4 in Shields
  2538 | D:4      | Reached XP level 5. HP: 24/37 MP: 5/5
  2544 | D:4      | Reached * piety under Qazlal
  2767 | D:4      | Found a glowing drain.
  2829 | Sewer    | Entered a sewer
  2834 | Sewer    | Reached XP level 6. HP: 43/43 MP: 6/6
  2950 | Sewer    | Reached skill level 5 in Shields
  2995 | D:4      | Found a runed door.
  2996 | D:4      | Noticed a yak
  2996 | D:4      | Noticed Ghost6211's ghost (amateur DsCK)
  3017 | D:4      | Reached ** piety under Qazlal
  3051 | D:4      | Killed a yak
  3051 | D:4      | Reached XP level 7. HP: 43/49 MP: 7/7
  3053 | D:4      | Killed Ghost6211's ghost
  3091 | D:4      | Reached skill level 6 in Shields
  3116 | D:4      | Reached skill level 5 in Fighting
  3116 | D:4      | Reached skill level 5 in Axes
  3120 | D:4      | Found a shimmering altar of Xom.
  3121 | D:4      | Noticed an angel
  3127 | D:4      | Found a glowing silver altar of Zin.
  3226 | D:4      | Found a staircase to the Ecumenical Temple.
  3575 | D:4      | Found a hazy altar of Hepliaklqana.
  3576 | D:4      | Found a hide-covered altar of Uskayaw.
  3600 | D:5      | Entered Level 5 of the Dungeon
  3644 | D:5      | Reached XP level 8. HP: 49/55 MP: 8/8
  4301 | D:5      | Reached skill level 7 in Shields
  5404 | D:6      | Found a snail-covered altar of Cheibriados.
  5515 | D:7      | Reached skill level 8 in Shields
  5589 | D:7      | Reached XP level 9. HP: 37/62 MP: 9/9
  5752 | D:7      | Reached *** piety under Qazlal
  5786 | D:7      | Found a shimmering altar of Xom.
  5999 | D:7      | Reached skill level 1 in Invocations
  6002 | D:7      | Reached skill level 9 in Shields
  6234 | D:7      | Found a shimmering altar of Xom.
  6324 | D:7      | Found an opulent altar of Gozag.
  6591 | D:8      | Noticed a troll
  6619 | D:8      | Reached XP level 10. HP: 50/71 MP: 12/12
  6636 | D:8      | Reached skill level 10 in Shields
  6865 | D:8      | Found a staircase to the Lair.
  8291 | D:8      | Got a bloodstained battleaxe {venom}
  8589 | Lair:1   | Entered Level 1 of the Lair of Beasts
  8589 | Lair:1   | Noticed a spiny frog
  8594 | Lair:1   | Killed a spiny frog
  9260 | D:9      | Found Ruvuwk's Gadget Shop.
  9280 | D:9      | Found an iron altar of Okawaru.
  9280 | D:9      | Found a deep blue altar of Sif Muna.
  9281 | D:9      | Found a bloodstained altar of Trog.
  9312 | D:9      | Reached **** piety under Qazlal
  9509 | D:9      | You fall through a shaft for 2 floors!
  9575 | D:11     | Reached skill level 5 in Invocations
  9613 | D:11     | Noticed Erolcha
  9633 | D:11     | Killed Erolcha
  9633 | D:11     | Reached skill level 11 in Shields
  9633 | D:11     | Reached XP level 11. HP: 62/78 MP: 5/15
  9667 | D:11     | Noticed a manticore
  9678 | D:11     | Slain by a manticore

Skill      XL: |  1  2  3  4  5  6  7  8  9 10 |
---------------+-------------------------------+-----
Axes           | 3 4 5 6 7 8 |  8.5
Shields        | 4 5 6 8 9 11 | 11.3
Fighting       | 4 5 6 7 8 |  8.4
Invocations    | 3 5 |  5.5
Dodging        | |  3.0

Action                   |  1- 3 |  4- 6 |  7- 9 | 10-12 || total
-------------------------+-------+-------+-------+-------++-------
Melee: War axe           |    64 |    98 |   242 |    42 ||   446
       Tentacles         |    10 |    22 |    52 |    57 ||   141
       Constrict         |    15 |    28 |    35 |    28 ||   106
       Hand axe          |       |       |       |   128 ||   128
  Use: Scroll            |     2 |     2 |     3 |     5 ||    12
 Stab: Sleeping          |     5 |     2 |       |       ||     7
  Eat: Chunk             |     2 |     2 |     6 |       ||    10
       Ration            |       |     3 |     2 |     3 ||     8
Armor: Skin              |     2 |    14 |    41 |    29 ||    86
Dodge: Dodged            |    33 |    40 |    74 |    48 ||   195
       Deflected         |       |       |       |     1 ||     1
Block: Shield            |    23 |    46 |   170 |   129 ||   368
